 Dungeon Crawl Stone Soup version 0.30.0 (webtiles) character file.

Game seed: 5167970152829230132

44 cheesebisquit the Chopper (level 3, -2/34 HPs)
             Began as a Hill Orc Monk on May 6, 2023.
             Succumbed to Robin's poison
             ... on level 2 of the Dungeon.
             The game lasted 00:02:42 (743 turns).

cheesebisquit the Chopper (Hill Orc Monk)            Turns: 743, Time: 00:02:43

Health: -2/34      AC:  3    Str: 15    XL:     3   Next: 60%
Magic:  3/3        EV: 12    Int: 10    God:
Gold:   62         SH:  0    Dex: 13    Spells: 2/2 levels left

rFire   + . .        a - +0 hand axe
rCold   + . .        d - orb {light}
rNeg    . . .        b - +0 robe
rPois   +            (no helmet)
rElec   +            (no cloak)
rCorr   +            (no gloves)
SInv    .            e - +0 pair of boots
Will    .....        (no amulet)
Stlth   +            (no ring)
HPRegen 0.25/turn    (no ring)
MPRegen 0.08/turn

%: no passive effects
@: confused, lethally poisoned (-2 -> -37), resistant, ambrosia-drunk, glowing
A: no striking features
a: no special abilities


You were on level 2 of the Dungeon.
You visited 1 branch of the dungeon, and saw 2 of its levels.

You collected 62 gold pieces.

Inventory:

Hand Weapons
 a - a +0 hand axe (weapon)
Missiles
 i - 4 boomerangs (quivered)
 l - 6 poisoned darts
Armour
 b - a +0 robe (worn)
 d - an orb of light (worn)
 e - a +0 pair of boots (worn)
Scrolls
 f - a scroll of noise {unknown}
 g - 2 scrolls of identify {unknown}
 j - a scroll of enchant armour {unknown}
 m - a scroll of vulnerability {unknown}
 n - a scroll of brand weapon {unknown}
 p - a scroll of fear {unknown}
Potions
 k - a potion of haste {unknown}
 o - a potion of might {unknown}


   Skills:
 + Level 4.3 Fighting
 + Level 4.7 Axes
 - Level 2.4 Dodging
 + Level 1.4 Stealth


You had 2 spell levels left.
You didn't know any spells.
Your spell library was empty.

Dungeon Overview and Level Annotations

Branches:
Dungeon (2/15)

Altars:

Shops:
D:1 (

Annotations:
D:2 Robin


Message History

Found a club, 6 stones and a book of Vapours.
Robin shouts!
The hobgoblin shouts! x2; You hear a shout!
Robin laughs in a distinctly smug fashion.
Robin roars a battlecry!
The goblins go into a battle-frenzy!
The hobgoblin closely misses you.
A goblin comes into view. It is wielding a +0 club. x3
The goblin shouts!
You barely miss Robin.
You hear an angry hiss.
The hobgoblin hits you from afar with a +0 spear of venom.
You are poisoned.
Robin roars a battlecry!
The goblins go into a battle-frenzy!
You barely miss Robin.
You feel very sick.
A bat comes into view.
The hobgoblin hits you from afar with a +0 spear of venom.
You are more poisoned.
Robin roars a battlecry!
The goblin goes into a battle-frenzy!
The bat moves out of view.
It was a potion of resistance.
You feel protected.
You feel very sick.
Robin roars a battlecry!
The goblin goes into a battle-frenzy!
The hobgoblin hits you from afar with a +0 spear of venom!
You are more poisoned.
A goblin comes into view. It is wielding a +0 club.
You are confused.
You feel invigorated.
* * * LOW HITPOINT WARNING * * *
You feel extremely sick. Robin hits you but does no damage.
You are more poisoned.
The hobgoblin hits you from afar with a +0 spear of venom.
* * * LOW HITPOINT WARNING * * *
You bump into the translucent rock wall.
You die...

## .. g# ### .
..# ##g #.#
#.##g###$##
#..#ggg#..#
#.gg#@..#
###g##..#
#.##.###..#
#....)....#
#######...##
#..........#
#..........#
#..........#
#............#


You could see Robin, 2 hobgoblins and 6 goblins.

Vanquished Creatures
  An adder (D:2)
  3 dart slugs
  4 endoplasms
  A giant cockroach (D:1)
  A goblin (D:2)
  3 hobgoblins
  3 kobolds (D:2)
  3 quokkas
  A ball python (D:1)
  3 bats
  A frilled lizard (D:2)
  2 rats (D:1)
26 creatures vanquished.

Notes
Turn   | Place    | Note
-------+----------+-------------------------------------------
     0 | D:1      | cheesebisquit the Hill Orc Monk began the quest for the
                  | Orb.
     0 | D:1      | Reached XP level 1. HP: 19/19 MP: 1/1
   151 | D:1      | Reached XP level 2. HP: 27/27 MP: 2/2
   331 | D:1      | Found Keucuv's Weapon Boutique.
   524 | D:1      | Reached skill level 1 in Stealth
   642 | D:2      | Reached XP level 3. HP: 33/33 MP: 3/3
   737 | D:2      | Noticed Robin
   743 | D:2      | Succumbed to Robin's poison

Illustrated notes

Levels and vault maps discovered:
D:1:      dpeg_arrival_tiny_b, layout_loops_ring, serial_shops,
          nicolae_shop_tiny_real_fake_doors
D:2:      layout_basic, minmay_pentomino_p4, uniq_robin

Skill      XL: |  1  2 |
---------------+-------+-----
Fighting       | 4 |  4.3
Stealth        | 1 |  1.4
Axes           | |  4.7
Dodging        | |  2.4

Action                     || total
---------------------------++-------
  Melee: Hand axe          ||    54
  Throw: Boomerang         ||    13
    Use: Potion            ||     2
 Armour: Robe              ||    23
  Dodge: Dodged            ||    40
